 Dungeon Crawl Stone Soup version 0.29-a0-341-g24ffce5 (webtiles) character file.

Game seed: 8170978266501437005

13 Think the Shield-Bearer (level 2, 0/21 HPs)
             Began as an Octopode Fighter on Apr 19, 2022.
             Slain by an endoplasm (2 damage)
             ... on level 1 of the Dungeon.
             The game lasted 00:00:48 (362 turns).

Think the Shield-Bearer (Octopode Fighter)           Turns: 362, Time: 00:00:49

Health: 0/21       AC:  1    Str: 15    XL:     2   Next: 37%
Magic:  2/2        EV: 13    Int: 16    God:
Gold:   13         SH:  4    Dex: 11    Spells: 1/1 levels left

rFire   . . .      SeeInvis .   d - +1 falchion (holy)
rCold   . . .      Faith    .   b - +0 buckler
rNeg    . . .      Spirit   .   (helmet restricted)
rPois   .          Reflect  .   (no amulet)
rElec   .          Harm     .   f - +6 ring of intelligence
rCorr   .          Rampage  .   (no ring)
Will    .....                   (no ring)
Stlth   ++........              (no ring)
HPRegen 0.07/turn               (no ring)
MPRegen 0.08/turn               (no ring)
                                (no ring)
                                (no ring)

@: no status effects
A: almost no armour, amphibious, 8 rings, camouflage 1, gelatinous body 1,
(nimble swimmer 1), tentacles
a: no special abilities


You were on level 1 of the Dungeon.
You visited 1 branch of the dungeon, and saw 1 of its levels.

You collected 13 gold pieces.

Inventory:

Hand Weapons
 a - a +0 rapier
 d - a +1 falchion of holy wrath (weapon)
Armour
 b - a +0 buckler (worn)
Jewellery
 f - a +6 ring of intelligence (left tentacle)
Scrolls
 e - a scroll of identify {unknown}
 g - a scroll of immolation {unknown}
Potions
 c - a potion of might


   Skills:
 - Level 3.0 Fighting
 + Level 3.0 Short Blades
 - Level 3.0 Dodging
 - Level 3.0 Shields


You had one spell level left.
You didn't know any spells.
Your spell library was empty.

Dungeon Overview and Level Annotations

Branches:
Dungeon (1/15)

Altars:


Innate Abilities, Weirdness & Mutations

You cannot wear most types of armour.
You are amphibious.
You can wear up to eight rings at the same time.
Your skin changes colour to match your surroundings (Stealth+).
Your rubbery body absorbs attacks. (AC +1, EV +1)
((You are camouflaged when in or above water. (Stealth+)))
You have tentacles for arms and can constrict up to eight enemies at once.


Message History

The endoplasm freezes you.
You are frozen.
You hit the endoplasm. You squeeze the endoplasm.
The endoplasm is almost dead.
The endoplasm freezes you.
You are frozen.
The rat bites you.
You barely miss the endoplasm.
The endoplasm is almost dead.
The rat bites you. The endoplasm closely misses you.
You hit the endoplasm.
You kill the endoplasm!
The kobold misses you. The rat closely misses you.
You hit the kobold.
You kill the kobold!
The endoplasm freezes you.
You are frozen.
The rat bites you. The endoplasm misses you. The rat bites you.
* * * LOW HITPOINT WARNING * * *
Your Short Blades skill increases to level 3!
You are too injured to fight recklessly!
You are too injured to fight recklessly!
You are too injured to fight recklessly!
You are too injured to fight recklessly!
You are too injured to fight recklessly!
You are too injured to fight recklessly!
You are too injured to fight recklessly!
You are too injured to fight recklessly!
You are too injured to fight recklessly!
You are too injured to fight recklessly!
You are too injured to fight recklessly!
You completely miss the rat. Your grab misses the rat.
You block the rat's attack. The endoplasm barely misses you.
You closely miss the rat. Your grab misses the rat. You block the rat's attack.
The endoplasm misses you.
You barely miss the rat. Your grab misses the rat. The endoplasm hits you.
* * * LOW HITPOINT WARNING * * *
The rat bites you.
* * * LOW HITPOINT WARNING * * *
The rat misses you. The endoplasm attacks as you move away!
The endoplasm hits you.
You die...

...# ...# ... .. ...# ..
... #### .#.... #
########.#.... #
###............. #
#............[.. #
#......r.†...... #
#.....@J........
###########...........####
...........†..............
#############.........###.
###### #.....$(.....
...... #############
...... ...... >.....
########


You could see an endoplasm and a rat.

Vanquished Creatures
  2 endoplasms (D:1)
  4 jackals (D:1)
  A quokka (D:1)
  A ball python (D:1)
  A bat (D:1)
  A kobold (D:1)
  2 rats (D:1)
12 creatures vanquished.

Notes
Turn   | Place    | Note
-------+----------+-------------------------------------------
     0 | D:1      | Think the Octopode Fighter began the quest for the Orb.
     0 | D:1      | Reached XP level 1. HP: 16/16 MP: 1/1
   207 | D:1      | Reached XP level 2. HP: 13/21 MP: 2/2
   362 | D:1      | Slain by an endoplasm

Illustrated notes

Levels and vault maps discovered:
D:1:      dpeg_arrival_snail, layout_basic, shapermc_ecumenical_altar_flowoftime

Skill      XL: |  1  2 |
---------------+-------+-----
Short Blades   | 3 |  3.0
Fighting       | |  3.0
Dodging        | |  3.0
Shields        | |  3.0

Action                   || total
-------------------------++-------
Melee: Falchion          ||    26
       Constrict         ||     3
       Tentacles         ||     3
Dodge: Dodged            ||    20
Block: Buckler           ||     8

Table legend: (Time is in decaauts)
 A = Elapsed time spent in this place.
 B = Non-inter-level travel time spent in this place.
 C = Inter-level travel time spent in this place.
 D = Time resting spent in this place.
 E = Time spent auto-exploring this place.
 F = Levels seen in this place.
 G = Mean time per level.
                   A        B        C        D        E       F      G
               +--------+--------+--------+--------+--------+-----+--------+
         Total |    367 |    367 |      0 |      0 |    295 |   1 |  367.0 |
       Dungeon |    367 |    367 |      0 |      0 |    295 |   1 |  367.0 |
               +--------+--------+--------+--------+--------+-----+--------+

Top non-repeatable levels by time:
     D:1: 367 daAuts
